 Dungeon Crawl Stone Soup version 0.21-a0-151-ga4fe563 (webtiles) character file.

121 Lunath the Ruffian (level 5, -1/45 HPs)
             Began as a Ghoul Monk on July 30, 2017.
             Slain by an orc wizard
             ... wielding a +0 dagger
              (4 damage)
             ... on level 3 of the Dungeon.
             The game lasted 00:05:14 (2406 turns).

Lunath the Ruffian (Ghoul Monk)                     Turns: 2406, Time: 00:05:14

Health: -1/45      AC:  2    Str: 16    XL:     5   Next: 5%
Magic:  4/4        EV: 12    Int:  5    God:
Gold:   123        SH:  0    Dex: 11    Spells: 4/4 levels left

rFire    . . .     SeeInvis .     - Unarmed
rCold    + . .     Gourm    .   (no shield)
rNeg     + + +     Faith    .   a - +0 robe
rPois    ∞         Spirit   .   (no helmet)
rElec    .         Reflect  .   (no cloak)
rCorr    .         Harm     .   (no gloves)
MR       .....                  (no boots)
Stlth    ++........             (no amulet)
HPRegen  0.00/turn              (no ring)
MPRegen  0.09/turn              (no ring)

@: rotting
A: rotting body, claws 1, carnivore 3, cold resistance 1, negative energy
resistance 3, inhibited regeneration, torment resistance, unbreathing
a: no special abilities


You were on level 3 of the Dungeon.
You were not hungry.

You visited 1 branch of the dungeon, and saw 3 of its levels.

You collected 123 gold pieces.

Inventory:

Armour
 a - a +0 robe (worn)
Scrolls
 d - 3 scrolls of immolation {unknown}
 e - 3 scrolls of fear {unknown}
 f - a scroll of enchant weapon {unknown}
 g - 4 scrolls of identify {unknown}
 h - a scroll of remove curse {unknown}
 k - a scroll of enchant armour {unknown}
 m - a scroll of recharging {unknown}
 q - a scroll of teleportation {unknown}
Potions
 c - 3 potions of curing {unknown}
 j - a potion of mutation {unknown}
 l - a potion of agility {unknown}
 n - a potion of haste {unknown}
 o - 2 potions of magic {unknown}
Comestibles
 b - 2 meat rations
 i - a royal jelly
 p - 3 chunks of flesh


   Skills:
 - Level 3.2 Fighting
 - Level 2.6 Dodging
 - Level 2.1 Stealth
 + Level 6.1 Unarmed Combat


You had 4 spell levels left.
You didn't know any spells.

Dungeon Overview and Level Annotations

Branches:
Dungeon (3/15)

Altars:
Dithmenos
Wu Jian


Innate Abilities, Weirdness & Mutations

Your body is rotting away.
You thrive on raw meat.
You are immune to poison.
You have sharp fingernails.
You are carnivorous and can eat meat at any time.
Your flesh is cold resistant. (rC+)
You are immune to negative energy. (rN+++)
You do not regenerate when monsters are visible.
You are immune to unholy pain and torment.
You can survive without breathing.


Message History

* * * LOW HITPOINT WARNING * * *
Found a stone staircase leading down.
You swing at nothing.
You hear some strange, mumbled words.
You swing at nothing.
You claw the orc!
You kill the orc!
You scratch something. Something hits you.
* * * LOW HITPOINT WARNING * * *
Something hits you but does no damage.
You closely miss something. Something hits you but does no damage.
You miss something. Something hits you.
* * * LOW HITPOINT WARNING * * *
You claw something! Your claw misses something.
Something hits you but does no damage.
You barely miss something. Something hits you.
* * * LOW HITPOINT WARNING * * *
You miss something. Something hits you but does no damage.
You closely miss something. Something hits you.
You die...

.>..## #.......#
.......## #........
#......# .....
#####
#####o#####...
#..@{r......####
#.###o.........# .
# #..........#
....###.#........#
....r.)r.........#
....#o#.#.....<..#
.. #.#.......)..#
.............###
...##...........###


You could see 2 orcs and a quokka.

Vanquished Creatures
  2 adders
  4 gnolls
  An ooze (D:2)
  6 dart slugs
  3 leopard geckos
  2 orcs (D:3)
  8 bats
  A giant cockroach (D:1)
  7 goblins
  4 hobgoblins
  A ball python (D:1)
  3 frilled lizards
  5 kobolds
  4 rats
51 creatures vanquished.

Notes
Turn   | Place    | Note
-------+----------+-------------------------------------------
     0 | D:1      | Lunath the Ghoul Monk began the quest for the Orb.
     0 | D:1      | Reached XP level 1. HP: 19/19 MP: 0/0
    90 | D:1      | Reached XP level 2. HP: 22/26 MP: 1/1
   118 | D:1      | Reached skill level 4 in Unarmed Combat
   697 | D:1      | Reached XP level 3. HP: 30/30 MP: 2/2
  1149 | D:1      | Reached skill level 5 in Unarmed Combat
  1423 | D:1      | Reached XP level 4. HP: 15/36 MP: 3/3
  1614 | D:2      | Found a shadowy altar of Dithmenos.
  2268 | D:3      | Reached skill level 6 in Unarmed Combat
  2354 | D:3      | Reached XP level 5. HP: 44/45 MP: 4/4
  2373 | D:3      | Found an ornate altar of the Wu Jian Council.
  2406 | D:3      | Slain by an orc wizard

Vault maps used:
D:1:      dpeg_arrival_ternary
D:2:      old_standard_altar, first_bread, minmay_distorted
D:3:      lemuel_crystal_altar, serial_bayou_pond_a

Skill      XL: |  1  2  3  4 |
---------------+-------------+-----
Unarmed Combat | 4 5 6 |  6.1
Fighting       | |  3.2
Dodging        | |  2.6
Stealth        | |  2.1

Action                   |  1- 3 |  4- 6 || total
-------------------------+-------+-------++-------
Melee: Unarmed           |    60 |    75 ||   135
       Punch             |     1 |     1 ||     2
 Stab: Sleeping          |     6 |     2 ||     8
  Eat: Chunk             |    16 |    12 ||    28
Armor: Robe              |     6 |    14 ||    20
Dodge: Dodged            |    33 |    25 ||    58
